 Dungeon Crawl Stone Soup version 0.21-a0-278-ga722497 (webtiles) character file.

133578 vishdafish the Hand of Fortune (level 16, -1/138 HPs)
             Began as a Demonspawn Fighter on Sept 21, 2017.
             Was the Champion of Nemelex Xobeh.
             Shot with an arrow by a deep elf master archer (22 damage)
             ... summoned by the player character
             ... on level 3 of the Abyss.
             The game lasted 01:46:50 (30520 turns).

vishdafish the Hand of Fortune (DsFi)              Turns: 30520, Time: 01:46:52

Health: -1/138     AC: 23    Str: 24 (25) XL:     16   Next: 60%
Magic:  0/19       EV: 10    Int: 10 (11) God:    Nemelex Xobeh [******]
Gold:   2241       SH:  0    Dex: 10 (12) Spells: 15/15 levels left

rFire    . . .     SeeInvis +   t - +4 triple sword (flame)
rCold    + + .     Gourm    .   (shield currently unavailable)
rNeg     + . .     Faith    .   y - +3 plate armour of Kaaxzeirr {rN+ Regen+ Str+4 Dex-5}
rPois    +         Spirit   +   S - +1 hat {MR+}
rElec    .         Reflect  .   T - +0 cloak
rCorr    .         Harm     .   (no gloves)
MR       +++..                  G - +2 pair of boots
Stlth    ..........             l - amulet of regeneration
HPRegen  1.13/turn              X - ring of see invisible
MPRegen  0.32/turn              z - +5 ring of dexterity

@: no status effects
A: antennae 2, claws 1, thin metallic scales 2, clumsy 2, cold resistance 2,
[deformed body], [deterioration 2], low mp 2[+1], magic resistance 1, poison
resistance, powered by death 2, robust 1, strong 1, wild magic 1, evolution 1,
magic shield, magic regeneration, magic link
a: Triple Draw, Deal Four, Stack Five, Renounce Religion


You were on level 3 of the Abyss.
You worshipped Nemelex Xobeh.
Nemelex Xobeh was exalted by your worship.
You were not hungry.

You visited 7 branches of the dungeon, and saw 28 of its levels.
You visited the Abyss 1 time.
You also visited: Ossuary and Ice Cave.

You collected 2496 gold pieces.
You spent 255 gold pieces at shops.

Inventory:

Hand Weapons
 t - a +4 triple sword of flaming (weapon)
 J - a +0 short sword
 K - a +4 scimitar of flaming
Armour
 c - a +0 shield
 y - the +3 plate armour of Kaaxzeirr (worn) {rN+ Regen+ Str+4 Dex-5}
   (You found it on level 7 of the Dungeon)

   It affects your strength (+4).
   It affects your dexterity (-5).
   It protects you from negative energy.
   It increases your rate of regeneration.
 G - a +2 pair of boots (worn)
 S - a +1 hat of magic resistance (worn)
 T - a +0 cloak (worn)
Jewellery
 l - an amulet of regeneration (around neck)
 z - a +5 ring of dexterity (right claw)
 F - an uncursed amulet of the gourmand
 X - a ring of see invisible (left claw)
Scrolls
 a - 7 scrolls of magic mapping
 g - a scroll of fear
 h - 10 scrolls of remove curse
 m - 3 scrolls of enchant weapon
 q - 2 scrolls of identify
 r - 4 scrolls of amnesia
 v - 7 scrolls of teleportation
 x - 7 scrolls of recharging
 A - 3 scrolls of blinking
 D - 5 scrolls of enchant armour
 H - 2 scrolls of vulnerability
 M - a scroll of fog
 W - 2 scrolls of torment
Potions
 d - 9 potions of might
 j - 3 potions of heal wounds
 n - 4 potions of flight
 o - 3 potions of ambrosia
 s - a potion of invisibility
 w - 2 potions of agility
 B - 3 potions of resistance
 C - 6 potions of brilliance
 L - a potion of haste
 N - 3 potions of cancellation
 Q - a potion of berserk rage
 Y - 3 potions of curing
 Z - 2 potions of magic
Miscellaneous
 b - an ornate deck of destruction
 e - a legendary deck of summoning
 k - a legendary deck of summoning
 p - a legendary deck of escape
 E - a plain deck of destruction {drawn: 8}
 O - an ornate deck of destruction {drawn: 4}
 P - a legendary deck of destruction {drawn: 1}
 R - a legendary deck of destruction
 U - an ornate deck of escape {drawn: 1}
 V - a legendary deck of summoning {drawn: 4}
Comestibles
 f - 9 bread rations
 i - 20 fruits
 u - 6 meat rations
 I - 17 royal jellies


   Skills:
 + Level 11.4 Fighting
 * Level 12.8 Short Blades
 * Level 13.1 Armour
 * Level 7.1 Dodging
 - Level 12.1 Stealth
 - Level 9.0 Shields
 * Level 15.1 Invocations


You had 15 spell levels left.
You didn't know any spells.

Dungeon Overview and Level Annotations

Branches:
Dungeon (15/15)            Temple (1/1) D:4            Lair (6/6) D:10
 Shoals (1/4) Lair:2       Spider (1/4) Lair:2        Slime (0/5) Lair:5
    Orc (2/2) D:9             Elf (2/3) Orc:2        Vaults (0/5) D:14
 Depths (0/5) D:15

Altars:
Ashenzari
Cheibriados
Dithmenos
Elyvilon
Fedhas
Gozag
Hepliaklqana
Kikubaaqudgha
Makhleb
Nemelex Xobeh
Okawaru
Qazlal
Ru
Sif Muna
Trog
Uskayaw
Vehumet
Wu Jian
Xom
Yredelemnul
Zin
The Shining One
Beogh

Shops:
D:6 }   D:9 *   Orc:2 *[(**

Annotations:
Lair:1 exclusion: 3 oklob plants
Lair:5 exclusion: 2 oklob plants


Innate Abilities, Weirdness & Mutations

You have a pair of antennae on your head.
You are mostly covered in thin metallic scales. (AC +3)
You regenerate health from kills.
You are robust. (+10% HP)
When hurt, damage is shared between your health and your magic reserves.
You regenerate magic rapidly.
When low on magic, you restore magic in place of health.
You have sharp fingernails.
You are very clumsy. (Dex -4)
Your flesh is very cold resistant. (rC++)
You are resistant to hostile enchantments. (MR+)
Your system is resistant to poisons. (rPois)
Your muscles are strong. (Str +2)
Your spells are a little harder to cast, but a little more powerful.
You evolve.
[Armour fits poorly on your strangely shaped body.]
[Your body often deteriorates upon taking damage.]
[Your magical capacity is extremely low. (-30% MP)]


Message History

The raiju bursts into living lightning!
The living lightning hits you!
The living lightning hits the raiju.
The raiju completely resists.
The raiju blinks!
The raiju bursts into living lightning!
The living lightning hits your deep elf master archer.
The living lightning hits you!
Your body deteriorates!
You feel clumsy. The living lightning hits you!
* * * LOW HITPOINT WARNING * * *
The raiju blinks!
The raiju bursts into living lightning!
The living lightning misses you. The living lightning hits you!
* * * LOW HITPOINT WARNING * * *
The raiju blinks!
Your faun hits the raiju but does no damage.
Your deep elf master archer wields a longbow.
Your deep elf master archer shoots an arrow.
The arrow closely misses the raiju.
The arrow hits you!!
You die...
Your body glows with a rainbow of weird colours and disappears.

# . #. #.## ...
#.#########
#.......... #
#.###.###
...#§@§h..h#
..#######.h##.###
!.
.........ce......
.. ...
.......#.#### ..
......##..§#..#
.. ... #...# ## .
.. ....# .....
.....# #### #####


You could see 3 raiju, a friendly deep elf master archer and a friendly faun.

Vanquished Creatures
  An Executioner (Abyss:3)
  Kirke (D:14)
  Nessos (Lair:4)
  A deep elf annihilator (Elf:1)
  The ghost of Kite the Severer, a journeyman MiBe of Trog (IceCv)
  Josephine (Lair:6)
  A rakshasa (Abyss:3)
  5 hydras
  A catoblepas (Lair:3)
  Harold (D:12)
  Erica (D:9)
  3 two-headed ogres
  13 dancing weapons
  A centaur warrior (D:12)
  2 orc high priests
  19 deep elf knights
  Urug (Lair:2)
  2 skeletal warriors (D:14)
  Nergalle (D:11)
  3 unseen horrors
  A sea snake (Shoals:1)
  14 deep elf archers
  A large abomination (Abyss:3)
  A wizard (D:12)
  An orc knight (Orc:2)
  5 ugly things
  A manticore (D:13)
  4 orc sorcerers
  41 deep elf magi
  An oklob plant (Lair:3)
  A wolf spider (Spider:1)
  3 cyclopes
  A moth of wrath (Lair:2)
  6 black mambas
  3 elephants (Lair:5)
  8 spiny frogs
  2 gargoyles (D:13)
  4 rime drakes
  2 demonic crawlers (Lair:2)
  9 komodo dragons
  5 trolls
  7 polar bears
  A jumping spider (Spider:1)
  4 hornets
  A slime creature (D:7)
  6 blink frogs
  9 hippogriffs
  3 dream sheep (Lair:6)
  The ghost of Syneil the Cudgeler, an amateur OgBe of Trog (Ossuary)
  15 spriggans (Lair:6)
  2 water elementals
  42 yaks
  3 wraiths (Lair:6)
  2 hogs (D:14)
  3 tarantellas (Lair:2)
  3 wyverns
  A hungry ghost (D:13)
  4 vampire mosquitoes (D:12)
  2 basilisks
  A steam dragon (D:12)
  A warg (Orc:2)
  11 water moccasins
  10 porcupines
  A hell hound (D:10)
  20 orc warriors
  3 ice beasts
  A meliai simulacrum (D:12)
  3 sky beasts
  5 black bears
  5 phantoms
  A necrophage (D:8)
  3 boggarts (Lair:6)
  37 wolves
  14 ogres
  14 centaurs
  An eye of draining (Abyss:3)
  5 crocodiles
  8 big kobolds
  15 bullfrogs
  3 wyvern zombies
  An earth elemental (Elf:1)
  6 scorpions
  3 wyvern skeletons
  14 killer bees
  5 electric eels
  4 howler monkeys
  2 vampire bats (D:4)
  5 crimson imps
  2 centaur zombies
  3 bullfrog zombies
  3 quasits
  2 bullfrog skeletons
  23 orc priests
  5 centaur skeletons
  4 hounds
  9 jellies
  26 orc wizards
  4 iguanas
  10 worker ants
  A killer bee zombie (D:7)
  2 big kobold zombies (Ossuary)
  A hound skeleton (D:4)
  5 mummies (Ossuary)
  5 gnolls
  14 adders
  4 shadow imps
  14 oozes
  An adder zombie (D:8)
  4 adder skeletons
  7 worms
  6 leopard geckos
  70 orcs
  3 bat skeletons (D:4)
  2 bat zombies (D:4)
  5 giant cockroaches
  12 goblins
  5 hobgoblins
  6 jackals
  3 quokkas
  10 bats
  6 frilled lizards
  3 goblin zombies (Ossuary)
  A hobgoblin zombie (Ossuary)
  24 kobolds
  A kobold zombie (Ossuary)
  A leopard gecko skeleton (D:7)
  An orc zombie (D:8)
  A quokka skeleton (D:6)
  10 rats
  A fungus (Lair:6)
  2 plants
807 creatures vanquished.

Vanquished Creatures (collateral kills)
  Rupert (D:12)
  A frost giant (IceCv)
  Louise (D:14)
  Azrael (D:12)
  Fannar (D:12)
  A rakshasa (Abyss:3)
  2 catoblepae
  A centaur warrior (D:12)
  3 dancing weapons
  An ogre mage (D:12)
  A death knight (D:14)
  An orc high priest (Orc:2)
  A deep elf knight (Elf:2)
  A wretched star (Abyss:3)
  3 skeletal warriors (D:14)
  An unseen horror (D:12)
  5 deep elf archers
  9 deep elf magi
  2 orc sorcerers (Orc:2)
  An ugly thing (D:12)
  An ice statue (IceCv)
  3 spiny frogs (Lair:4)
  A rime drake (Lair:6)
  2 komodo dragons (Lair:6)
  A tengu conjurer (D:12)
  A troll (Orc:2)
  A meliai (IceCv)
  7 polar bears (IceCv)
  2 hornets (Lair:6)
  4 dream sheep (Lair:6)
  A blink frog (IceCv)
  A spriggan (Lair:6)
  A spriggan (shapeshifter) (D:12)
  3 tarantellas (Lair:2)
  A yak (IceCv)
  A water elemental (Elf:2)
  3 fire elementals (D:12)
  2 water moccasins (Lair:4)
  2 hell hounds
  3 orc warriors
  A sky beast (D:11)
  An ogre (D:10)
  2 wolves (IceCv)
  A bullfrog (Lair:4)
  A scorpion (IceCv)
  9 orc wizards
  3 orc priests
  An iguana (IceCv)
  A shadow imp (D:12)
  8 orcs
  2 plants
109 creatures vanquished.

Vanquished Creatures (others)
  4 deep elf magi (Elf:1)
  An ice statue (IceCv)
  A snapping turtle skeleton (Abyss:3)
  A ball lightning (Elf:1)
  An orc (D:12)
  9 fungi
  2 plants (Lair:6)
  5 toadstools (D:7)
24 creatures vanquished.

Grand Total: 940 creatures vanquished

Notes
Turn   | Place    | Note
-------+----------+-------------------------------------------
     0 | D:1      | vishdafish the Demonspawn Fighter began the quest for the Orb.
     0 | D:1      | Reached XP level 1. HP: 18/18 MP: 1/1
    77 | D:1      | Gained mutation: You are partially covered in thin metallic scales. (AC +2) [demonic ancestry]
    77 | D:1      | Reached XP level 2. HP: 9/24 MP: 2/2
   993 | D:2      | Reached XP level 3. HP: 29/29 MP: 3/3
  1643 | D:2      | Reached XP level 4. HP: 21/35 MP: 4/4
  1806 | D:2      | Found a basalt altar of Yredelemnul.
  1950 | D:3      | Found a hide-covered altar of Uskayaw.
  2898 | D:3      | Gained mutation: You regenerate a little health from kills. [demonic ancestry]
  2898 | D:3      | Reached XP level 5. HP: 41/41 MP: 5/5
  3178 | D:3      | Found a transporter.
  3213 | D:3      | Found a transporter.
  3564 | D:3      | Gained mutation: When hurt, damage is shared between your health and your magic reserves. [demonic ancestry]
  3564 | D:3      | Reached XP level 6. HP: 38/48 MP: 6/6
  4176 | D:4      | Gained mutation: You regenerate magic rapidly. [demonic ancestry]
  4176 | D:4      | Reached XP level 7. HP: 37/55 MP: 5/7
  4325 | D:4      | Found a staircase to the Ecumenical Temple.
  4429 | Temple   | Entered the Ecumenical Temple
  4982 | D:4      | Found an ancient bone altar of Kikubaaqudgha.
  5092 | D:5      | Entered Level 5 of the Dungeon
  5357 | D:4      | Reached skill level 5 in Short Blades
  5894 | D:5      | Found a white marble altar of Elyvilon.
  5993 | D:5      | Reached skill level 5 in Fighting
  5993 | D:5      | Gained mutation: You have a pair of small antennae on your head. [demonic ancestry]
  5993 | D:5      | Reached XP level 8. HP: 62/62 MP: 8/8
  6000 | D:5      | Gained mutation: You passively map a small area around you. [potion of mutation]
  6000 | D:5      | Gained mutation: You have large cloven feet. [potion of mutation]
  6001 | D:5      | Lost mutation: You have large cloven feet. [potion of mutation]
  6001 | D:5      | Lost mutation: You passively map a small area around you. [potion of mutation]
  6001 | D:5      | Gained mutation: Your muscles are strong. (Str +2) [potion of mutation]
  6001 | D:5      | Gained mutation: You are dopey. (Int -2) [potion of mutation]
  6001 | D:5      | Gained mutation: You have a pair of antennae on your head. [potion of mutation]
  6010 | D:5      | Found a transporter.
  6066 | D:5      | Found a transporter.
  6517 | D:5      | Reached skill level 5 in Armour
  7036 | D:5      | Lost mutation: You are dopey. (Int -2) [potion of mutation]
  7036 | D:5      | Lost mutation: Your muscles are strong. (Str +2) [potion of mutation]
  7036 | D:5      | Gained mutation: You are resistant to hostile enchantments. (MR+) [potion of mutation]
  7036 | D:5      | Gained mutation: [Your magical capacity is low. (-10% MP)] [potion of mutation]
  7036 | D:5      | Gained mutation: Your flesh is cold resistant. (rC+) [potion of mutation]
  7036 | D:5      | Gained mutation: You have supernaturally acute eyesight. (SInv) [potion of mutation]
  7117 | D:6      | Found an iron altar of Okawaru.
  7237 | D:6      | Reached skill level 5 in Shields
  7355 | D:6      | Found a shimmering altar of Xom.
  7355 | D:6      | Found an opulent altar of Gozag.
  7373 | D:6      | Reached skill level 1 in Stealth
  7428 | D:6      | Reached skill level 1 in Dodging
  7515 | D:6      | Gained mutation: You regenerate health from kills. [demonic ancestry]
  7515 | D:6      | Reached XP level 9. HP: 30/69 MP: 3/8
  7852 | D:6      | Found Zin's Purification Station.
  7855 | D:6      | Found a glowing silver altar of Zin.
  7860 | D:6      | Bought a potion of curing for 90 gold pieces
  7974 | D:6      | Found Atipus's Gadget Boutique.
  8295 | D:6      | Found a snail-covered altar of Cheibriados.
  8571 | D:7      | Got a slimy plate armour
  8582 | D:7      | Identified the +3 plate armour of Kaaxzeirr {rN+ Regen+ Str+4 Dex-5} (You found it on level 7 of the Dungeon)
  9398 | D:7      | Reached XP level 10. HP: 76/77 MP: 9/9
  9510 | D:7      | Found a sacrificial altar of Ru.
  9511 | D:7      | Found a sparkling altar of Nemelex Xobeh.
  9589 | D:7      | Became a worshipper of Nemelex Xobeh the Trickster
  9734 | D:7      | You fall through a shaft for 2 floors!
  9766 | D:9      | Noticed Erica
  9801 | D:9      | Killed Erica
  9801 | D:9      | Reached skill level 5 in Stealth
  9950 | D:8      | Found a sand-covered staircase.
  9989 | Ossuary  | Entered an ossuary
  9999 | Ossuary  | Noticed Syneil's ghost (amateur OgBe)
 10006 | Ossuary  | Killed Syneil's ghost
 10378 | D:8      | Noticed a two-headed ogre
 10403 | D:8      | Killed a two-headed ogre
 10619 | D:8      | Found a shadowy altar of Dithmenos.
 10629 | D:8      | Received a gift from Nemelex Xobeh
 10898 | D:7      | Found a bloodstained altar of Trog.
 10983 | D:7      | Reached * piety under Nemelex Xobeh
 11052 | D:9      | Found a staircase to the Orcish Mines.
 11077 | D:9      | Found a roughly hewn altar of Beogh.
 11395 | D:9      | Reached skill level 1 in Invocations
 11452 | D:9      | Found an opulent altar of Gozag.
 11531 | D:9      | Reached skill level 2 in Invocations
 11610 | D:9      | Found Byly's General Store.
 11694 | D:9      | Gained mutation: [Your magical capacity is very low. (-20% MP)] [mutagenic meat]
 11695 | D:9      | Gained mutation: Your muscles are strong. (Str +2) [mutagenic meat]
 11696 | D:9      | Lost mutation: You are resistant to hostile enchantments. (MR+) [mutagenic meat]
 11792 | D:9      | Found a hazy altar of Hepliaklqana.
 11902 | D:10     | Entered Level 10 of the Dungeon
 12069 | D:10     | Gained mutation: When low on magic, you restore magic in place of health. [demonic ancestry]
 12069 | D:10     | Reached XP level 11. HP: 81/84 MP: 10/10
 12104 | D:10     | Noticed a two-headed ogre
 12120 | D:10     | Killed a two-headed ogre
 12120 | D:10     | Reached skill level 3 in Invocations
 12352 | D:10     | Received a gift from Nemelex Xobeh
 12375 | D:10     | Found a staircase to the Lair.
 12404 | D:10     | Reached skill level 4 in Invocations
 12410 | D:10     | Lost mutation: You have supernaturally acute eyesight. (SInv) [mutagenic meat]
 12411 | D:10     | Gained mutation: Your system is resistant to poisons. (rPois) [mutagenic meat]
 12412 | D:10     | Lost mutation: You have a pair of antennae on your head. [mutagenic meat]
 12413 | D:10     | Gained mutation: Your spells are a little harder to cast, but a little more powerful. [mutagenic meat]
 12603 | D:10     | Reached ** piety under Nemelex Xobeh
 13113 | D:11     | Received a gift from Nemelex Xobeh
 13294 | D:11     | Noticed an eight-headed hydra
 13314 | D:11     | Killed an eight-headed hydra
 13367 | D:11     | Noticed Nergalle
 13368 | D:11     | Noticed a spectral orc warlord
 13408 | D:11     | Killed Nergalle
 13480 | D:11     | Found a frozen archway.
 13485 | D:11     | Received a gift from Nemelex Xobeh
 13491 | IceCv    | Entered an ice cave
 13518 | IceCv    | Reached skill level 5 in Invocations
 13742 | IceCv    | Noticed Kite's ghost (journeyman MiBe)
 13772 | IceCv    | Killed Kite's ghost
 13772 | IceCv    | Reached skill level 10 in Short Blades
 14071 | IceCv    | Reached skill level 6 in Invocations
 14181 | IceCv    | Gained mutation: You have a pair of antennae on your head. [demonic ancestry]
 14181 | IceCv    | Reached XP level 12. HP: 81/93 MP: 13/13
 14223 | IceCv    | Noticed a frost giant
 14254 | IceCv    | Killed a frost giant
 14304 | IceCv    | Reached skill level 7 in Invocations
 14821 | D:11     | Reached *** piety under Nemelex Xobeh
 15395 | D:12     | Noticed Rupert
 15433 | D:12     | Killed Rupert
 15819 | D:12     | Noticed Harold
 15862 | D:12     | Killed Harold
 15862 | D:12     | Reached skill level 5 in Dodging
 15862 | D:12     | Reached skill level 8 in Invocations
 16100 | D:12     | Received a gift from Nemelex Xobeh
 16259 | D:12     | Found a blossoming altar of Fedhas.
 16289 | D:12     | Noticed Fannar
 16310 | D:12     | Killed Fannar
 16476 | D:12     | Noticed Azrael
 16515 | D:12     | Killed Azrael
 16633 | D:12     | Noticed a seven-headed hydra
 16633 | D:12     | Noticed an ogre mage
 16633 | D:12     | Noticed a catoblepas
 16638 | D:12     | Noticed a centaur warrior
 16642 | D:12     | Noticed a centaur warrior
 16643 | D:12     | Killed a two-headed hydra
 16644 | D:12     | Received a gift from Nemelex Xobeh
 16662 | D:12     | Killed a catoblepas
 16674 | D:12     | Killed a centaur warrior
 16676 | D:12     | Killed an ogre mage
 16686 | D:12     | Killed a centaur warrior
 16686 | D:12     | Reached XP level 13. HP: 68/100 MP: 12/15
 16687 | D:12     | Reached skill level 9 in Invocations
 16952 | Lair:1   | Entered Level 1 of the Lair of Beasts
 16957 | Lair:1   | Reached **** piety under Nemelex Xobeh
 17264 | Lair:1   | Received a gift from Nemelex Xobeh
 17596 | Lair:1   | Reached skill level 10 in Armour
 17841 | Lair:2   | Found a hole to the Spider Nest.
 17911 | Lair:2   | Received a gift from Nemelex Xobeh
 17978 | Lair:2   | Noticed Urug
 18008 | Lair:2   | Killed Urug
 18114 | Lair:2   | Reached ***** piety under Nemelex Xobeh
 18154 | Lair:2   | Got a jewelled trident
 18271 | Lair:2   | Received a gift from Nemelex Xobeh
 18483 | Lair:2   | Found a staircase to the Shoals.
 18689 | Lair:2   | Received a gift from Nemelex Xobeh
 19021 | Lair:3   | Found a deep blue altar of Sif Muna.
 19226 | Lair:3   | Received a gift from Nemelex Xobeh
 19244 | Lair:3   | Reached skill level 10 in Invocations
 19634 | Lair:3   | Reached skill level 10 in Stealth
 19668 | Lair:4   | Received a gift from Nemelex Xobeh
 19748 | Lair:4   | Noticed Nessos
 19970 | Lair:4   | Killed Nessos
 20013 | Lair:4   | Received a gift from Nemelex Xobeh
 20562 | Lair:5   | Received a gift from Nemelex Xobeh
 20635 | Lair:5   | Found a staircase to the Slime Pits.
 20721 | Lair:5   | Received a gift from Nemelex Xobeh
 20858 | Lair:5   | Gained mutation: You are robust. (+10% HP) [demonic ancestry]
 20858 | Lair:5   | Reached XP level 14. HP: 78/118 MP: 15/17
 20939 | Lair:5   | Reached ****** piety under Nemelex Xobeh
 20978 | Lair:5   | Reached skill level 11 in Invocations
 21192 | Lair:6   | Entered Level 6 of the Lair of Beasts
 21604 | Lair:6   | Received a gift from Nemelex Xobeh
 21689 | Lair:6   | Noticed Josephine
 21702 | Lair:6   | Killed Josephine
 21941 | Lair:6   | Reached skill level 12 in Invocations
 22415 | Orc:1    | Entered Level 1 of the Orcish Mines
 22608 | Orc:2    | Entered Level 2 of the Orcish Mines
 22608 | Orc:2    | Found Uckanil's General Store.
 22608 | Orc:2    | Received a gift from Nemelex Xobeh
 22629 | Orc:2    | Reached skill level 10 in Fighting
 22730 | Orc:2    | Found a staircase to the Elven Halls.
 22738 | Orc:2    | Found a roughly hewn altar of Beogh.
 23488 | Orc:2    | Found Meushroh's Weapon Shop.
 23488 | Orc:2    | Found Qobbata's General Store.
 23497 | Orc:2    | Found Kostruh's Antique Armour Boutique.
 23499 | Orc:2    | Found Jackouge's Assorted Antiques.
 23502 | Orc:2    | Bought a fine golden ring for 165 gold pieces
 23505 | Orc:2    | Identified the ring of Balance {+Inv rPois rC- Dex+4} (You bought it in a shop on level 2 of the Orcish Mines)
 23791 | Elf:1    | Entered Level 1 of the Elven Halls
 24178 | D:13     | Received a gift from Nemelex Xobeh
 24219 | D:13     | Gained mutation: You evolve. [mutagenic meat]
 24591 | D:13     | Found a glowing golden altar of the Shining One.
 25001 | D:14     | Gained mutation: You are mostly covered in thin metallic scales. (AC +3) [demonic ancestry]
 25001 | D:14     | Reached XP level 15. HP: 85/127 MP: 15/19
 25141 | D:14     | Noticed Louise
 25176 | D:14     | Killed Louise
 25325 | D:14     | Reached skill level 13 in Invocations
 25358 | D:14     | Got a faintly humming chain mail
 25369 | D:14     | Identified the +4 chain mail of Qitweval {rElec rCorr Int-4} (You took it off a kobold on level 14 of the Dungeon)
 25384 | D:14     | Lost mutation: Your spells are a little harder to cast, but a little more powerful. [mutagenic meat]
 25387 | D:14     | Gained mutation: You have sharp fingernails. [mutagenic meat]
 25388 | D:14     | Gained mutation: You are resistant to hostile enchantments. (MR+) [mutagenic meat]
 25389 | D:14     | Gained mutation: You are clumsy. (Dex -2) [mutagenic meat]
 25390 | D:14     | Gained mutation: You are very clumsy. (Dex -4) [mutagenic meat]
 25401 | D:14     | Gained mutation: Your spells are a little harder to cast, but a little more powerful. [mutagenic meat]
 25402 | D:14     | Found a shadowy altar of Dithmenos.
 25410 | D:14     | Found a gate to the Vaults.
 25471 | D:14     | Received a gift from Nemelex Xobeh
 25903 | D:14     | Noticed Kirke
 25920 | D:14     | Killed Kirke
 25990 | D:15     | Entered Level 15 of the Dungeon
 25990 | D:15     | Found a staircase to the Depths.
 25990 | D:15     | Noticed a fire giant
 26222 | Spider:1 | Entered Level 1 of the Spider Nest
 26869 | Shoals:1 | Entered Level 1 of the Shoals
 27505 | Elf:1    | Received a gift from Nemelex Xobeh
 28000 | Elf:1    | Reached skill level 14 in Invocations
 28034 | Elf:1    | Received a gift from Nemelex Xobeh
 28110 | Elf:1    | Identified Noapnaq's Incunabulum of Conjuration
 28219 | Elf:1    | Received a gift from Nemelex Xobeh
 28443 | Elf:1    | Reached XP level 16. HP: 109/137 MP: 18/21
 29416 | Elf:2    | Gained mutation: Your flesh is very cold resistant. (rC++) [evolution]
 29448 | Elf:2    | Received a gift from Nemelex Xobeh
 29673 | Elf:2    | Found a huge runed gate.
 29673 | Elf:2    | Found a huge runed gate.
 29673 | Elf:2    | Found a huge runed gate.
 29674 | Elf:2    | Found a huge runed gate.
 29676 | Elf:2    | Found a huge runed gate.
 30123 | Elf:2    | Reached skill level 15 in Invocations
 30193 | Elf:2    | Cast into level 3 of the Abyss (glaive of distortion)
 30221 | Abyss:3  | Received a gift from Nemelex Xobeh
 30236 | Abyss:3  | Found a corrupted altar of Lugonu.
 30271 | Abyss:3  | Noticed an Executioner
 30285 | Abyss:3  | Killed an Executioner
 30520 | Abyss:3  | Shot with an arrow by a deep elf master archer

Vault maps used:
D:1:      giann_wishing_wells
D:2:      nicolae_overflow_hidden_temple, wad_floor_pattern_untrapped
D:3:      gammafunk_steamed_eel, lemuel_round_altar, minmay_cupped
D:4:      kennysheep_vampire_church, minmay_temple_entry_poolview, first_bread
D:5:      gammafunk_wand_slinger, lemuel_doored_altar, kennysheep_small_spiral
D:6:      zin_purify, kennysheep_little_box, gammafunk_temple_overflow_elements,
          okawaru_trees_1, serial_shops, shop
D:7:      cheibrodos_fertilizer, chequers_temple_overflow_statue_of_worship,
          basic_altar, minmay_misc_feat_doors
D:8:      kennysheep_mini, enter_ossuary_3, hangedman_little_slice_of_home,
          minmay_misc_feat_encased
D:9:      lemuel_coloured_pillars_altar, minmay_orc_entry_temple_small,
          serial_shops, shop_fountains, grunt_gozag_statues, uniq_erica
D:10:     minmay_lair_entry_lava
D:11:     portal_ice_cave_entry_pillars_2, lemuel_nasty_fountain, uniq_nergalle
D:12:     minmay_the_grid_triangle_9x9_recursive_2, fedhas_altar_1, uniq_harold,
          uniq_azrael, uniq_fannar, uniq_rupert
D:13:     nicolae_tso_carved_into_rock
D:14:     erik_vaults_1, grunt_dithmenos_smoke, uniq_louise, uniq_kirke
D:15:     grunt_enter_depths_giant_problem
Temple:   chequers_temple_sunken
Lair:1:   grunt_megastairs_4, minmay_lair_oklob_chamber
Lair:2:   shoals_dummy_entry, nicolae_spider_entry_non_spiders,
          infiniplex_staircase_pool_2, uniq_urug
Lair:3:   minivault_11, lemuel_centaur_altar, lemuel_fruit_tree
Lair:4:   cheibrodos_lair_river_kwai, uniq_nessos
Lair:5:   minmay_slime_entry_oklob_open, grunt_megastairs_1,
          infiniplex_staircase_pool
Lair:6:   minmay_lair_end_enchanted_forest, uniq_josephine
Shoals:1: nicolae_shoals_cliffside_cave,
          nicolae_shoals_siren_and_animal_friends, uniq_roxanne
Orc:1:    serial_shops, nicolae_shop_stone
Orc:2:    st_orc_mages, serial_shops, shop, basic_altar
Elf:1:    elf_arrival_002, minmay_elf_annihilation
Elf:2:    nicolae_twisting_strands
Abyss:3:  nicolae_abyss_rune_star_stuff
Ossuary:  ossuary_crypta
IceCv:    ice_cave_small_giant

Skill      XL: |  1  2  3  4  5  6  7  8  9 10 11 12 13 14 15 16 |
---------------+-------------------------------------------------+-----
Short Blades   | 2 3 4 5 7 8 9 10 11 12 | 12.8
Armour         | 3 4 5 6 7 8 9 10 11 12 13 | 13.1
Shields        | 3 4 5 6 7 8 9 |  9.0
Fighting       | 4 5 6 7 8 9 10 11 | 11.4
Stealth        | 2 4 6 7 9 10 11 12 | 12.1
Dodging        | 1 2 3 4 5 7 |  7.1
Invocations    | 2 6 8 10 12 14 15 | 15.1

Action                   |  1- 3 |  4- 6 |  7- 9 | 10-12 | 13-15 | 16-18 || total
-------------------------+-------+-------+-------+-------+-------+-------++-------
Melee: Rapier            |    51 |       |       |       |       |       ||    51
       Short sword       |    91 |   137 |       |       |       |       ||   228
       Dagger            |       |   141 |  1441 |  1728 |       |       ||  3310
       Scimitar          |       |       |       |   101 |  1826 |   370 ||  2297
       Triple sword      |       |       |       |       |       |    35 ||    35
Throw: Tomahawk          |       |       |       |     8 |       |       ||     8
       Throwing net      |       |       |       |       |     1 |     2 ||     3
Evoke: Wand              |       |     3 |    12 |       |       |       ||    15
       Deck              |       |       |       |    41 |    51 |    21 ||   113
  Use: Potion            |       |     2 |     4 |     5 |     4 |     3 ||    18
       Scroll            |       |     2 |     9 |    13 |    10 |     2 ||    36
 Stab: Distracted        |       |       |     1 |     5 |     4 |     1 ||    11
       Sleeping          |       |       |     1 |       |       |       ||     1
       Petrified         |       |       |       |     1 |     2 |       ||     3
       Held in net/web   |       |       |       |       |     2 |     2 ||     4
  Eat: Chunk             |     2 |     5 |    17 |    25 |    44 |     1 ||    94
       Fruit             |       |     3 |       |       |       |       ||     3
       Royal jelly       |       |       |     1 |       |       |       ||     1
       Bread ration      |       |       |       |     2 |     2 |     1 ||     5
       Meat ration       |       |       |       |       |     1 |     1 ||     2
Armor: Scale mail        |    72 |   102 |   406 |       |       |       ||   580
       Plate armour      |       |       |   186 |   924 |  1542 |   274 ||  2926
Dodge: Dodged            |    24 |    62 |   287 |   441 |   854 |   134 ||  1802
Block: Shield            |    59 |   111 |   600 |   891 |  1359 |   207 ||  3227
       Rpst.: Scimitar   |       |       |       |     6 |   233 |    22 ||   261
       Triple sword      |       |       |       |       |       |     7 ||     7

Table legend:
 A = Spawn XP
 B = Non-spawn XP
 C = Spawn XP percentage of total XP
 D = Spawn monster count
 E = Non-spawn monster count
 F = Spawn count percentage of total count
 G = Total turns spent on level
                    A         B        C        D         E        F      G
               +---------+---------+-------+---------+---------+-------+---------
         Total |    5461 |  185366 |   2.9 |       9 |     908 |   1.0 | 30520
               +---------+---------+-------+---------+---------+-------+---------
           D:1 |       0 |      38 |   0.0 |       0 |      17 |   0.0 |   981
           D:2 |       0 |      80 |   0.0 |       0 |      30 |   0.0 |  1460
           D:3 |       0 |     294 |   0.0 |       0 |      31 |   0.0 |  1300
           D:4 |       0 |     677 |   0.0 |       0 |      30 |   0.0 |  1510
           D:5 |       0 |     835 |   0.0 |       0 |      27 |   0.0 |  1645
           D:6 |       0 |    1617 |   0.0 |       0 |      27 |   0.0 |  1426
           D:7 |       0 |    2203 |   0.0 |       0 |      44 |   0.0 |  1425
           D:8 |       0 |    1833 |   0.0 |       0 |      25 |   0.0 |   746
           D:9 |       0 |    2522 |   0.0 |       0 |      24 |   0.0 |  1056
          D:10 |       0 |    3277 |   0.0 |       0 |      40 |   0.0 |  1248
          D:11 |       0 |    2939 |   0.0 |       0 |      31 |   0.0 |  1063
          D:12 |       0 |   15034 |   0.0 |       0 |      55 |   0.0 |  1610
          D:13 |       0 |    5699 |   0.0 |       0 |      20 |   0.0 |   851
          D:14 |       0 |   15032 |   0.0 |       0 |      38 |   0.0 |  1135
        Lair:1 |       0 |    5097 |   0.0 |       0 |      25 |   0.0 |   902
        Lair:2 |       0 |    6620 |   0.0 |       0 |      37 |   0.0 |  1835
        Lair:3 |       0 |    4758 |   0.0 |       0 |      16 |   0.0 |   730
        Lair:4 |       0 |    7475 |   0.0 |       0 |      29 |   0.0 |   852
        Lair:5 |       0 |    5255 |   0.0 |       0 |      24 |   0.0 |   703
        Lair:6 |       0 |   17274 |   0.0 |       0 |      79 |   0.0 |  1103
      Shoals:1 |       0 |     718 |   0.0 |       0 |       1 |   0.0 |    28
      Spider:1 |       0 |     863 |   0.0 |       0 |       2 |   0.0 |   122
         Orc:1 |       0 |    1079 |   0.0 |       0 |       8 |   0.0 |   354
         Orc:2 |       0 |   11131 |   0.0 |       0 |      84 |   0.0 |  1567
         Elf:1 |       0 |   42237 |   0.0 |       0 |      76 |   0.0 |  1802
         Elf:2 |       0 |   21806 |   0.0 |       0 |      37 |   0.0 |  1054
       Abyss:3 |    5461 |       0 | 100.0 |       9 |       0 | 100.0 |   327
       Ossuary |       0 |     419 |   0.0 |       0 |      14 |   0.0 |   215
         IceCv |       0 |    8554 |   0.0 |       0 |      37 |   0.0 |  1260
               +---------+---------+-------+---------+---------+-------+---------
